 Dungeon Crawl Stone Soup version 0.27.0-1-g7a089689b8 (webtiles) character file.

Game seed: 14080401962943355554

1623 theswoord the Cruncher (level 8, -9/91 HPs)
             Began as a Demonspawn Gladiator on Aug 8, 2021.
             Killed from afar by Maggie (17 damage)
             ... with a bolt of fire
             ... on level 6 of the Dungeon.
             The game lasted 00:10:27 (4223 turns).

theswoord the Cruncher (Demonspawn Gladiator)       Turns: 4223, Time: 00:10:28

Health: -9/91      AC: 23    Str: 14 (15) XL:     8   Next: 65%
Magic:  8/8        EV:  2    Int:  7 (9)  God:
Gold:   163        SH:  0    Dex: 15 (17) Spells: 7/7 levels left

rFire    + . .     SeeInvis .   a - +1 quarterstaff (protect)
rCold    x . .     Faith    .   (shield currently unavailable)
rNeg     + + +     Spirit   .   (armour currently unavailable)
rPois    +         Reflect  .   (helmet currently unavailable)
rElec    .         Harm     .   (cloak currently unavailable)
rCorr    .         Rampage  .   (gloves currently unavailable)
Will     .....     NoTele   +   (boots currently unavailable)
Stlth    +.........             (no amulet)
HPRegen  1.25/turn              k - ring of fire
MPRegen  0.11/turn              (no ring)

@: agile, tree-form, corroded, under a protective aura, attractive, mesmerised
A: stationary, stasis, torment immunity, boosted hp, (claws 1), (horns 1),
(talons 2), ignite blood 1, powered by pain 1, regeneration 1, robust 1,
MP-powered wands
a: no special abilities


You were on level 6 of the Dungeon.
You were a tree.
You visited 1 branch of the dungeon, and saw 6 of its levels.

You collected 163 gold pieces.

Inventory:

Hand Weapons
 a - a +1 quarterstaff of protection (weapon)
Missiles
 d - 3 throwing nets
 e - 26 poisoned darts (quivered)
Armour
 b - a +0 leather armour
 c - a +0 helmet
 f - a +0 pair of boots
 g - a +0 scale mail (melded)
 n - a +0 chain mail
Jewellery
 k - a ring of fire (left branch)
Wands
 m - a wand of paralysis (14)
 r - a wand of acid (8)
Potions
 o - 2 potions of attraction
 p - a potion of flight {unknown}
 q - a potion of cancellation {unknown}


   Skills:
 - Level 2.0 Fighting
 + Level 10.4 Staves
 - Level 1.7 Throwing
 - Level 2.6 Dodging


You had 7 spell levels left.
You didn't know any spells.
Your spell library was empty.

Dungeon Overview and Level Annotations

Branches:
Dungeon (6/15)
 Temple: D:4-7

Altars:
Makhleb

Shops:
D:2 *   D:4 [[

Annotations:
D:3 1 runed translucent door, Skimidon's ghost, amateur HOMo
D:6 Maggie


Innate Abilities, Weirdness & Mutations

You are a tree.
Your roots penetrate the ground, keeping you stationary.
You cannot be teleported.
You are immune to unholy pain and torment.
Your maximum health is greatly increased.
Your equipment is partially melded.
((You have sharp fingernails.))
((You have a pair of small horns on your head.))
((You have razor-sharp toenails.))
Your demonic aura sometimes causes spilled blood to erupt in flames.
You sometimes gain a little power by taking damage.
Your natural rate of healing is unusually fast.
You are robust. (+10% HP)
You expend magic power (3 MP) to strengthen your wands.


Message History

* * * LOW HITPOINT WARNING * * *
You feel more attuned to fire.
k - a ring of fire (left branch) Maggie is engulfed in blazing flames.
Flame seeps out of Maggie.
Maggie hits you with a +1 war axe of flaming.
* * * LOW HITPOINT WARNING * * *
You hit Maggie but do no damage.
Maggie is moderately wounded.
Maggie is engulfed in blazing flames.
Flame seeps out of Maggie.
Maggie hits you with a +1 war axe of flaming.
* * * LOW HITPOINT WARNING * * *
You closely miss Maggie.
Maggie is heavily wounded.
You hit Maggie.
Flame seeps out of Maggie.
Maggie is heavily wounded.
Maggie is engulfed in blazing flames.
Flame seeps out of Maggie.
Maggie zaps a wand.
The bolt of acid hits you.
* * * LOW HITPOINT WARNING * * *
You are splashed with acid!
* * * LOW HITPOINT WARNING * * *
You focus on the pain.
You feel more agile all of a sudden.
Okay, then.
You hit Maggie but do no damage.
Maggie is severely wounded.
Maggie gestures wildly while chanting.
Maggie attempts to bespell you!
You are mesmerised by Maggie!
Unknown command.
You hit Maggie but do no damage.
Maggie is severely wounded.
Maggie hits you with a +1 war axe of flaming.
* * * LOW HITPOINT WARNING * * *
You hit Maggie but do no damage.
Maggie is severely wounded.
You hit Maggie but do no damage.
Maggie is severely wounded.
Maggie casts a spell at you. The bolt of fire hits you! You resist.
You die...

#....##....#
#........
#.##.#####.#
#........ #.
#.# #.#####
#........ #.
#.. #.....#
#........ #.
#.. ##†...#
####.####
##...####....#
.............#
#...###.....#
#....@♣.....#
#....###....#
#(.. #.......
#.. ....####
#. ##### #


You could see Maggie (mesmerising, inner flame).

Vanquished Creatures
  Pikel (D:5)
  2 ice beasts (D:5)
  A necrophage (D:6)
  2 ogres
  2 scorpions
  2 jellies
  4 hounds
  An orc priest (D:4)
  2 centaur skeletons
  2 iguanas
  3 orc wizards
  7 adders
  A shadow imp (D:5)
  4 white imps
  2 ufetubi
  An adder skeleton (D:4)
  2 worms (D:2)
  3 dart slugs
  14 orcs
  5 ball pythons
  8 endoplasms
  4 giant cockroaches
  2 goblins (D:4)
  5 hobgoblins
  3 jackals (D:4)
  8 kobolds
  4 quokkas
  2 bats
  3 frilled lizards
  4 rats
104 creatures vanquished.

Vanquished Creatures (others)
  A plant (D:1)
1 creature vanquished.

Grand Total: 105 creatures vanquished

Notes
Turn   | Place    | Note
-------+----------+-------------------------------------------
     0 | D:1      | theswoord the Demonspawn Gladiator began the quest for the
                  | Orb.
     0 | D:1      | Reached XP level 1. HP: 16/16 MP: 1/1
   136 | D:1      | Reached skill level 3 in Staves
   168 | D:1      | Gained mutation: You have sharp toenails. [demonic
                  | ancestry]
   168 | D:1      | Reached XP level 2. HP: 13/22 MP: 2/2
   940 | D:1      | Found a faded altar of an unknown god.
  1065 | D:2      | Gained mutation: You have razor-sharp toenails. [demonic
                  | ancestry]
  1065 | D:2      | Reached XP level 3. HP: 23/27 MP: 3/3
  1456 | D:2      | Found Ryips's General Store.
  1623 | D:2      | Reached skill level 4 in Staves
  1776 | D:3      | Gained mutation: You sometimes lose the ability to read
                  | scrolls when taking damage. [potion of mutation]
  1776 | D:3      | Gained mutation: You are robust. (+10% HP) [potion of
                  | mutation]
  1776 | D:3      | Gained mutation: Your system is resistant to poisons.
                  | (rPois) [potion of mutation]
  1777 | D:3      | Lost mutation: You sometimes lose the ability to read
                  | scrolls when taking damage. [potion of mutation]
  1777 | D:3      | Lost mutation: Your system is resistant to poisons. (rPois)
                  | [potion of mutation]
  1777 | D:3      | Gained mutation: Your natural rate of healing is unusually
                  | fast. [potion of mutation]
  1777 | D:3      | Gained mutation: You expend magic power (3 MP) to
                  | strengthen your wands. [potion of mutation]
  2020 | D:3      | Gained mutation: Your demonic aura sometimes causes spilled
                  | blood to erupt in flames. [demonic ancestry]
  2020 | D:3      | Reached XP level 4. HP: 28/36 MP: 4/4
  2037 | D:3      | Found a runed translucent door.
  2376 | D:3      | Noticed Skimidon's ghost (amateur HOMo)
  2411 | D:3      | Reached skill level 5 in Staves
  2658 | D:4      | Found Qatsurai's Armour Emporium.
  2705 | D:4      | Noticed an ogre
  2732 | D:3      | Killed an ogre
  2733 | D:3      | Gained mutation: You have a pair of small horns on your
                  | head. [demonic ancestry]
  2733 | D:3      | Reached XP level 5. HP: 41/41 MP: 5/5
  2849 | D:4      | Reached skill level 6 in Staves
  2875 | D:4      | Gained mutation: You have sharp fingernails. [demonic
                  | ancestry]
  2875 | D:4      | Reached XP level 6. HP: 48/48 MP: 6/6
  2916 | D:4      | Found Guteec's Armour Boutique.
  3269 | D:5      | Entered Level 5 of the Dungeon
  3358 | D:5      | Reached skill level 7 in Staves
  3461 | D:5      | Gained mutation: You sometimes gain a little power by
                  | taking damage. [demonic ancestry]
  3461 | D:5      | Reached XP level 7. HP: 54/55 MP: 7/7
  3482 | D:5      | Noticed Pikel
  3513 | D:5      | Killed Pikel
  3514 | D:5      | Reached skill level 8 in Staves
  3528 | D:5      | Reached skill level 9 in Staves
  3528 | D:5      | Reached XP level 8. HP: 61/61 MP: 8/8
  3927 | D:6      | Found a burning altar of Makhleb.
  4074 | D:6      | Reached skill level 10 in Staves
  4191 | D:6      | Noticed Maggie
  4223 | D:6      | Killed from afar by Maggie

Skill      XL: |  1  2  3  4  5  6  7  8 |
---------------+-------------------------+-----
Staves         | 3 4 5 6 7 9 10 | 10.4
Fighting       | |  2.0
Throwing       | |  1.7
Dodging        | |  2.6

Action                   |  1- 3 |  4- 6 |  7- 9 || total
-------------------------+-------+-------+-------++-------
Melee: Quarterstaff      |   108 |   101 |    98 ||   307
       Kick              |    19 |    17 |    27 ||    63
       Headbutt          |       |    11 |    21 ||    32
Throw: Dart              |       |    11 |     9 ||    20
  Use: Potion            |     2 |     1 |     6 ||     9
       Scroll            |     1 |     5 |     2 ||     8
 Stab: Sleeping          |     1 |       |       ||     1
       Distracted        |     1 |       |       ||     1
Armor: Leather armour    |     6 |       |       ||     6
       Scale mail        |    28 |    46 |    28 ||   102
       Skin              |       |       |     4 ||     4
Dodge: Dodged            |    65 |    64 |    40 ||   169

Levels and vault maps discovered:
D:1:      scummos_arrival_star, layout_basic, shapermc_ecumenical_altar_petra
D:2:      layout_basic, serial_shops, shop, chequers_serial_rivers_room_b,
          minivault_5
D:3:      layout_loops_ring, ebering_ghost_reflecting_pool
D:4:      layout_cave_pools, serial_shops, shop, nicolae_stop_n_shop_2,
          minmay_misc_feat_chi
D:5:      layout_loops_ring, dk_rats_in_the_wall, uniq_pikel
D:6:      minmay_chambers_of_sixes, layout_basic,
          nicolae_overflow_crystal_walls, hex_large, uniq_maggie
